Pick #1

Connor Bedard
Pick #2

Leo Carlsson
Pick #3

Adam Fantilli
Pick #4

Matvei Michkov
Pick #5

David Reinbacher
Pick #6

William Smith
Pick #7

Zachary Benson
Pick #8

Ryan Leonard
Pick #9

Gabriel Perreault
Pick #10

Axel Sandin-Pellika
Pick #11

Daniil But
Pick #12

Dalibor Dvorsky
Pick #13

Quentin Musty
Pick #14

Brayden Yager
Pick #15

Dmitry Simashev
Pick #16

Colby Barlow
Pick #17

Andrew Cristall
Pick #18

Easton Cowan
Pick #19

Jacob Fowler
Pick #20

Oliver Moore
Pick #21

Oliver Bonk
Pick #22

Tom Willander
Pick #23

Calum Ritchie
Pick #24

Tanner Molendyk
Pick #25

Gavin Brindley
Pick #26

Nate Danielson
Pick #27

Pick #28

Pick #29

Pick #30

Pick #31

Pick #32

Pick #33

Pick #34

Pick #35

Pick #36

Pick #37

Pick #38

Pick #39

Pick #40

Pick #41

Pick #42

Pick #43

Pick #44

Pick #45

Pick #46

Pick #47

Pick #48

Pick #49

Pick #50

Pick #51

Pick #52

Pick #53

Pick #54

Pick #55

Pick #56

Pick #57

Pick #58

Pick #59

Pick #60

Pick #61

Pick #62

Pick #63

Pick #64

Pick #65

Pick #66

Pick #67

Pick #68

Pick #69

Pick #70

Pick #71

Pick #72

Pick #73

Pick #74

Pick #75

Pick #76

Pick #77

Pick #78

Pick #79

Pick #80

Pick #81

Pick #82

Pick #83

Pick #84

Pick #85

Pick #86

Pick #87

Pick #88

Pick #89

Pick #90

Pick #91

Pick #92

Pick #93

Pick #94

Pick #95

Pick #96

Pick #97

Pick #98

Pick #99

Pick #100

Pick #101

Pick #102

Pick #103

Pick #104

Pick #105

Pick #106

Pick #107

Pick #108

Pick #109

Pick #110

Pick #111

Pick #112

Pick #113

Pick #114

Pick #115

Pick #116

Pick #117

Pick #118

Pick #119

Pick #120

Pick #121

Pick #122

Pick #123

Pick #124

Pick #125

Pick #126

Pick #127

Pick #128

Pick #129

Pick #130

Full Scoreboard »»

Rangers vs Islanders (R4)

Created - October 14, 2023 at 22:41

Goals
1 2 3 T
Rangers 0 2 2 4
Islanders 1 0 2 3
Shots
1 2 3 T
Rangers 6 8 6 20
Islanders 12 8 10 30

GoalsPenalties
1st period
1. Islanders , Connor McDavid 1 (Brent Burns 4, Brad Marchand 1) at 0:26
Neal Pionk (NYI) for Cross-checking (Minor) at 0:55
Luke Schenn (NYR) for Tripping (Minor) at 3:46
Drake Batherson (NYI) for Roughing (Minor) at 7:58
Luke Schenn (NYR) for Interference (Minor) at 7:58
Michael Bunting (NYI) for Roughing (Minor) at 10:07
Ryan Graves (NYI) for Cross-checking (Minor) at 12:25
Juuso Parssinen (NYR) for Tripping (Minor) at 14:33
Jesse Puljujarvi (NYR) for Cross-checking (Minor) at 17:46
2nd period
2. Rangers , Artem Zub 1 (Nick Bonino 2, Mario Ferraro 3) at 2:52
3. Rangers , Ryan Reaves 1 (Juuso Parssinen 1, Caleb Jones 2) at 11:08
Luke Schenn (NYR) for Tripping (Minor) at 0:16
3rd period
4. Islanders , Pavel Buchnevich 2 (Shea Theodore 1, Mason Marchment 1) at 7:21 (PP)
5. Rangers , Nick Bonino 2 (Martin Fehervary 2, Anthony Beauvillier 2) at 11:09
6. Islanders , Drake Batherson 1 (Connor McDavid 3, Brad Marchand 2) at 18:34
7. Rangers , Juuso Parssinen 1 (Mario Ferraro 4) at 19:45
Jesse Puljujarvi (NYR) for Roughing (Minor) at 5:09
Juuso Parssinen (NYR) for Holding (Minor) at 7:09
Juuso Parssinen (NYR) for Hooking (Minor) at 7:50
Adam Erne (NYR) for Hooking (Minor) at 15:07
Goalie Stats
Darcy Kuemper (NYR), 27 saves from 30 shots - (0.900), W, 2-0-0, 60:00 minutes
Igor Shesterkin (NYI), 16 saves from 20 shots - (0.800), L, 1-1-0, 59:52 minutes
3 StarsOfficial
1 - Connor McDavid (NYI)
2 - Artem Zub (NYR)
3 - Nick Bonino (NYR)
Referees : Graham Skilliter and Brandon Schrader
Linesman : Brian Mach and Mark Shewchyk
Game Note
Luke Schenn is injured at 19:33 of 3rd period (Left Hip)
Finance
Level 1 -- Attendance: 6000 (100.00%) -- Ticket Income $720,000
Level 2 -- Attendance: 3598 (71.96%) -- Ticket Income $359,800
Level 3 -- Attendance: 2000 (100.00%) -- Ticket Income $180,000
Level 4 -- Attendance: 1685 (93.87%) -- Ticket Income $109,525
Luxury Box -- Attendance: 868 (86.80%) -- Ticket Income $195,300
Game was played at the Barclays Center.
Total Attendance: 14151 (89.59%)
Total Ticket Income: $1,564,625
Other Income: $391,156
Total Income: $1,955,781



Team Name Goals Shots Shots Attemp Shots Blocked PIM HIT PP PK FO%
Rangers 420381218280 / 3 (0%)145%
Islanders 3307348261 / 8 (13%)055%

Rangers
Player Name POS G A P +/- PIM HIT SHT SB MP PP MP PP SHT PK MP PK SHT FO% FOT
Adam ErneLW0001213010:440:0000:2700% 0
Anthony BeauvillierLW0111024022:423:1714:25025% 4
Artem ZubD1012041323:152:3908:0200% 0
Caleb JonesD0111030012:450:0001:1300% 0
Casey MittelstadtC000-1001023:442:4008:44039% 18
Eric RobinsonLW0000011025:352:4008:15063% 19
Jack QuinnRW0001022018:173:1700:0000% 0
Jesse PuljujarviRW000-1431013:492:4000:3000% 0
Juuso ParssinenC1122611112:090:0000:00050% 2
Kent JohnsonC000000000:200:0000:0000% 0
Logan BrownC000000000:200:0000:000100% 1
Luke KuninC0001021011:230:0001:25047% 17
Luke SchennD000-1620123:083:1804:0100% 0
Mario FerraroD0222010324:292:3908:1000% 0
Martin FehervaryD011-1020325:373:1806:1300% 0
Nick BoninoC1121023122:423:1714:25138% 24
Ryan LombergLW000101002:500:0000:3000% 1
Ryan ReavesRW101101209:580:0000:00050% 2
Islanders
Player Name POS G A P +/- PIM HIT SHT SB MP PP MP PP SHT PK MP PK SHT FO% FOT
Barrett HaytonC000-100006:130:5700:01071% 7
Brad MarchandLW0220021023:097:0800:0100% 0
Brent BurnsD0110020026:367:2103:3400% 0
Chandler StephensonC0000004021:006:4512:22050% 20
Connor McDavidC1120073022:557:0810:00056% 41
Drake BathersonRW1010203022:007:0820:0000% 0
Jean-Gabriel PageauC000-101309:440:0003:34082% 11
Jujhar KhairaLW000-100117:370:0002:2200% 0
Justin HollD000-1010011:140:0000:4900% 0
Kyle PalmieriC000-100006:100:0000:0000% 1
Mason MarchmentLW011-1032014:406:5700:0000% 5
Michael BuntingLW0000210011:260:0000:0000% 1
Neal PionkD000-1211022:096:4411:3400% 0
Pavel BuchnevichLW1010014018:196:1220:00050% 2
Ryan GravesD000-2211010:480:0000:0000% 0
Shayne GostisbehereD0000013122:356:4432:2300% 0
Shea TheodoreD0110042226:367:2123:3400% 0
Tanner JeannotLW000-101208:490:0003:3410% 0



Play-by-Play

1st period


0:01 of 1st period - Connor McDavid wins face-off versus Casey Mittelstadt in neutral zone.
0:08 of 1st period - Shot by Connor McDavid.
0:08 of 1st period - Stopped by Darcy Kuemper with a rebound.
0:26 of 1st period - Shot by Connor McDavid.
0:26 of 1st period - Goal by Connor McDavid - Rangers : 0 - Islanders : 1.
0:27 of 1st period - Chandler Stephenson wins face-off versus Nick Bonino in neutral zone.
0:54 of 1st period - Shot by Anthony Beauvillier.
0:54 of 1st period - Shot Blocked by Shayne Gostisbehere.
0:55 of 1st period - Minor Penalty to Neal Pionk for Cross-checking.
0:56 of 1st period - Jean-Gabriel Pageau wins face-off versus Casey Mittelstadt in Islanders zone.
1:09 of 1st period - Shot by Eric Robinson.
1:09 of 1st period - Shot Blocked by Shea Theodore.
1:21 of 1st period - Shot by Jesse Puljujarvi.
1:21 of 1st period - Shot Blocked by Jujhar Khaira.
1:33 of 1st period - Shot by Casey Mittelstadt.
1:33 of 1st period - Shot Blocked by Shea Theodore.
2:24 of 1st period - Shot by Anthony Beauvillier.
2:24 of 1st period - Stopped by Igor Shesterkin without a rebound.
2:25 of 1st period - Chandler Stephenson wins face-off versus Nick Bonino in Islanders zone.
2:37 of 1st period - Artem Zub is hit by Shea Theodore and loses puck.
2:42 of 1st period - Shot by Jack Quinn.
2:42 of 1st period - Shot Misses the Net.
3:06 of 1st period - Shot by Adam Erne.
3:06 of 1st period - Stopped by Igor Shesterkin without a rebound.
3:07 of 1st period - Jean-Gabriel Pageau wins face-off versus Luke Kunin in Islanders zone.
3:17 of 1st period - Mason Marchment is hit by Caleb Jones and loses puck.
3:30 of 1st period - Shot by Ryan Graves.
3:30 of 1st period - Stopped by Darcy Kuemper without a rebound.
3:31 of 1st period - Casey Mittelstadt wins face-off versus Connor McDavid in Rangers zone.
3:46 of 1st period - Minor Penalty to Luke Schenn for Tripping.
3:47 of 1st period - Eric Robinson wins face-off versus Pavel Buchnevich in Rangers zone.
3:47 of 1st period - Eric Robinson is hit by Pavel Buchnevich.
4:03 of 1st period - Shot by Shayne Gostisbehere.
4:03 of 1st period - Stopped by Darcy Kuemper without a rebound.
4:04 of 1st period - Eric Robinson wins face-off versus Connor McDavid in Rangers zone.
6:01 of 1st period - Tanner Jeannot is hit by Caleb Jones and loses puck.
6:05 of 1st period - Icing by Caleb Jones.
6:06 of 1st period - Luke Kunin wins face-off versus Kyle Palmieri in Rangers zone.
6:06 of 1st period - Luke Kunin is hit by Jean-Gabriel Pageau.
6:12 of 1st period - Shot by Mason Marchment.
6:12 of 1st period - Stopped by Darcy Kuemper without a rebound.
6:13 of 1st period - Nick Bonino wins face-off versus Chandler Stephenson in Rangers zone.
6:13 of 1st period - Nick Bonino is hit by Michael Bunting.
7:14 of 1st period - Shot by Brad Marchand.
7:14 of 1st period - Deflect By Connor McDavid.
7:14 of 1st period - Shot Misses the Net.
7:16 of 1st period - Shot by Brent Burns.
7:16 of 1st period - Shot Misses the Net.
7:18 of 1st period - Shot by Connor McDavid.
7:18 of 1st period - Shot Blocked by Martin Fehervary.
7:23 of 1st period - Brad Marchand is hit by Martin Fehervary and loses puck.
7:37 of 1st period - Connor McDavid is hit by Martin Fehervary and loses puck.
7:58 of 1st period - Minor Penalty to Drake Batherson for Roughing.
7:58 of 1st period - Minor Penalty to Luke Schenn for Interference.
7:59 of 1st period - Eric Robinson wins face-off versus Connor McDavid in Rangers zone.
8:03 of 1st period - Casey Mittelstadt is hit by Mason Marchment and loses puck.
9:04 of 1st period - Shot by Chandler Stephenson.
9:04 of 1st period - Stopped by Darcy Kuemper without a rebound.
9:05 of 1st period - Logan Brown wins face-off versus Mason Marchment in Rangers zone.
9:05 of 1st period - Logan Brown is hit by Mason Marchment.
9:11 of 1st period - Shot by Kent Johnson.
9:11 of 1st period - Shot Misses the Net.
9:24 of 1st period - Icing by Shayne Gostisbehere.
9:25 of 1st period - Eric Robinson wins face-off versus Mason Marchment in Islanders zone.
10:02 of 1st period - Off-side.
10:03 of 1st period - Luke Kunin wins face-off versus Michael Bunting in neutral zone.
10:07 of 1st period - Minor Penalty to Michael Bunting for Roughing.
10:08 of 1st period - Jean-Gabriel Pageau wins face-off versus Nick Bonino in Islanders zone.
10:28 of 1st period - Icing by Martin Fehervary.
10:29 of 1st period - Jean-Gabriel Pageau wins face-off versus Nick Bonino in Rangers zone.
10:29 of 1st period - Tanner Jeannot is hit by Luke Schenn and loses puck.
10:32 of 1st period - Shot by Tanner Jeannot.
10:32 of 1st period - Stopped by Darcy Kuemper without a rebound.
10:33 of 1st period - Nick Bonino wins face-off versus Jean-Gabriel Pageau in Rangers zone.
10:54 of 1st period - Shot by Martin Fehervary.
10:54 of 1st period - Deflect By Anthony Beauvillier.
10:54 of 1st period - Shot Misses the Net.
12:08 of 1st period - Caleb Jones is hit by Brad Marchand and loses puck.
12:19 of 1st period - Icing by Adam Erne.
12:20 of 1st period - Luke Kunin wins face-off versus Chandler Stephenson in Rangers zone.
12:24 of 1st period - Juuso Parssinen is hit by Ryan Graves and loses puck.
12:25 of 1st period - Minor Penalty to Ryan Graves for Cross-checking.
12:26 of 1st period - Jean-Gabriel Pageau wins face-off versus Nick Bonino in Islanders zone.
12:26 of 1st period - Jean-Gabriel Pageau is hit by Jack Quinn.
12:35 of 1st period - Shot by Martin Fehervary.
12:35 of 1st period - Shot Misses the Net.
13:05 of 1st period - Shot by Nick Bonino.
13:05 of 1st period - Stopped by Igor Shesterkin without a rebound.
13:06 of 1st period - Casey Mittelstadt wins face-off versus Chandler Stephenson in Islanders zone.
13:06 of 1st period - Casey Mittelstadt is hit by Shayne Gostisbehere.
14:33 of 1st period - Minor Penalty to Juuso Parssinen for Tripping.
14:34 of 1st period - Casey Mittelstadt wins face-off versus Connor McDavid in Rangers zone.
14:34 of 1st period - Casey Mittelstadt is hit by Brad Marchand.
14:41 of 1st period - Icing by Connor McDavid.
14:42 of 1st period - Connor McDavid wins face-off versus Eric Robinson in Islanders zone.
16:54 of 1st period - Shot by Jack Quinn.
16:54 of 1st period - Stopped by Igor Shesterkin without a rebound.
16:55 of 1st period - Connor McDavid wins face-off versus Luke Kunin in Islanders zone.
17:00 of 1st period - Juuso Parssinen is hit by Connor McDavid.
17:16 of 1st period - Off-side.
17:17 of 1st period - Barrett Hayton wins face-off versus Nick Bonino in neutral zone.
17:22 of 1st period - Icing by Nick Bonino.
17:23 of 1st period - Nick Bonino wins face-off versus Connor McDavid in Rangers zone.
17:42 of 1st period - Shot by Artem Zub.
17:42 of 1st period - Shot Misses the Net.
17:44 of 1st period - Shot by Anthony Beauvillier.
17:44 of 1st period - Stopped by Igor Shesterkin without a rebound.
17:45 of 1st period - Chandler Stephenson wins face-off versus Casey Mittelstadt in Islanders zone.
17:45 of 1st period - Chandler Stephenson is hit by Eric Robinson.
17:46 of 1st period - Minor Penalty to Jesse Puljujarvi for Cross-checking.
17:47 of 1st period - Eric Robinson wins face-off versus Connor McDavid in Rangers zone.
17:55 of 1st period - Icing by Brent Burns.
17:56 of 1st period - Connor McDavid wins face-off versus Eric Robinson in Islanders zone.
17:56 of 1st period - Connor McDavid is hit by Luke Schenn.
18:06 of 1st period - Shot by Shea Theodore.
18:06 of 1st period - Stopped by Darcy Kuemper without a rebound.
18:07 of 1st period - Eric Robinson wins face-off versus Connor McDavid in Rangers zone.
18:47 of 1st period - Shot by Connor McDavid.
18:47 of 1st period - Shot Misses the Net.
18:49 of 1st period - Shot by Shea Theodore.
18:49 of 1st period - Shot Misses the Net.
18:51 of 1st period - Shot by Connor McDavid.
18:51 of 1st period - Stopped by Darcy Kuemper without a rebound.
18:52 of 1st period - Chandler Stephenson wins face-off versus Anthony Beauvillier in Rangers zone.
19:09 of 1st period - Shot by Mason Marchment.
19:09 of 1st period - Deflect By Pavel Buchnevich.
19:09 of 1st period - Stopped by Darcy Kuemper with a rebound.
19:11 of 1st period - Shot by Shayne Gostisbehere.
19:11 of 1st period - Stopped by Darcy Kuemper without a rebound.
19:12 of 1st period - Eric Robinson wins face-off versus Chandler Stephenson in Rangers zone.
19:35 of 1st period - Shot by Chandler Stephenson.
19:35 of 1st period - Stopped by Darcy Kuemper without a rebound.
19:36 of 1st period - Eric Robinson wins face-off versus Connor McDavid in Rangers zone.
19:36 of 1st period - Eric Robinson is hit by Connor McDavid.
19:41 of 1st period - Casey Mittelstadt is hit by Shea Theodore and loses puck.
19:48 of 1st period - Shot by Eric Robinson.
19:48 of 1st period - Stopped by Igor Shesterkin without a rebound.
19:49 of 1st period - Connor McDavid wins face-off versus Nick Bonino in Islanders zone.
Goals for this period are 0 for Rangers vs 1 for Islanders.
Shots for this period are 6 for Rangers vs 12 for Islanders.

2nd period


0:01 of 2nd period - Connor McDavid wins face-off versus Eric Robinson in neutral zone.
0:01 of 2nd period - Connor McDavid is hit by Jesse Puljujarvi.
0:16 of 2nd period - Minor Penalty to Luke Schenn for Tripping.
0:17 of 2nd period - Eric Robinson wins face-off versus Chandler Stephenson in Rangers zone.
0:32 of 2nd period - Shot by Casey Mittelstadt.
0:32 of 2nd period - Shot Misses the Net.
0:46 of 2nd period - Shot by Neal Pionk.
0:46 of 2nd period - Shot Misses the Net.
1:16 of 2nd period - Shot by Shea Theodore.
1:16 of 2nd period - Stopped by Darcy Kuemper without a rebound.
1:17 of 2nd period - Connor McDavid wins face-off versus Anthony Beauvillier in Rangers zone.
1:18 of 2nd period - Shot by Shea Theodore.
1:18 of 2nd period - Shot Misses the Net.
1:31 of 2nd period - Shot by Connor McDavid.
1:31 of 2nd period - Shot Misses the Net.
1:45 of 2nd period - Shot by Martin Fehervary.
1:45 of 2nd period - Shot Misses the Net.
1:47 of 2nd period - Shot by Nick Bonino.
1:47 of 2nd period - Stopped by Igor Shesterkin without a rebound.
1:48 of 2nd period - Eric Robinson wins face-off versus Chandler Stephenson in Islanders zone.
2:14 of 2nd period - Shot by Neal Pionk.
2:14 of 2nd period - Stopped by Darcy Kuemper without a rebound.
2:15 of 2nd period - Anthony Beauvillier wins face-off versus Connor McDavid in Rangers zone.
2:15 of 2nd period - Anthony Beauvillier is hit by Connor McDavid.
2:21 of 2nd period - Connor McDavid is hit by Ryan Reaves and loses puck.
2:28 of 2nd period - Shot by Adam Erne.
2:28 of 2nd period - Stopped by Igor Shesterkin without a rebound.
2:29 of 2nd period - Nick Bonino wins face-off versus Barrett Hayton in Islanders zone.
2:37 of 2nd period - Jack Quinn is hit by Shea Theodore and loses puck.
2:43 of 2nd period - Anthony Beauvillier is hit by Shea Theodore and loses puck.
2:48 of 2nd period - Shot by Nick Bonino.
2:48 of 2nd period - Shot Misses the Net.
2:50 of 2nd period - Shot by Nick Bonino.
2:50 of 2nd period - Shot Misses the Net.
2:52 of 2nd period - Shot by Artem Zub.
2:52 of 2nd period - Goal by Artem Zub - Rangers : 1 - Islanders : 1.
2:53 of 2nd period - Connor McDavid wins face-off versus Casey Mittelstadt in neutral zone.
2:56 of 2nd period - Martin Fehervary is hit by Connor McDavid and loses puck.
4:57 of 2nd period - Shot by Mason Marchment.
4:57 of 2nd period - Shot Misses the Net.
4:59 of 2nd period - Shot by Kyle Palmieri.
4:59 of 2nd period - Shot Blocked by Martin Fehervary.
5:01 of 2nd period - Shot by Jean-Gabriel Pageau.
5:01 of 2nd period - Stopped by Darcy Kuemper without a rebound.
5:02 of 2nd period - Nick Bonino wins face-off versus Barrett Hayton in Rangers zone.
5:31 of 2nd period - Shot by Tanner Jeannot.
5:31 of 2nd period - Stopped by Darcy Kuemper without a rebound.
5:32 of 2nd period - Connor McDavid wins face-off versus Luke Kunin in Rangers zone.
5:38 of 2nd period - Shot by Brad Marchand.
5:38 of 2nd period - Stopped by Darcy Kuemper without a rebound.
5:39 of 2nd period - Luke Kunin wins face-off versus Connor McDavid in Rangers zone.
5:52 of 2nd period - Shot by Adam Erne.
5:52 of 2nd period - Stopped by Igor Shesterkin without a rebound.
5:53 of 2nd period - Chandler Stephenson wins face-off versus Nick Bonino in Islanders zone.
5:53 of 2nd period - Chandler Stephenson is hit by Anthony Beauvillier.
6:54 of 2nd period - Icing by Shea Theodore.
6:55 of 2nd period - Connor McDavid wins face-off versus Luke Kunin in Islanders zone.
7:01 of 2nd period - Shea Theodore is hit by Luke Kunin.
7:02 of 2nd period - Off-side.
7:03 of 2nd period - Luke Kunin wins face-off versus Connor McDavid in neutral zone.
7:05 of 2nd period - Off-side.
7:06 of 2nd period - Luke Kunin wins face-off versus Connor McDavid in neutral zone.
7:26 of 2nd period - Ryan Reaves is hit by Brent Burns and loses puck.
7:32 of 2nd period - Icing by Brent Burns.
7:33 of 2nd period - Casey Mittelstadt wins face-off versus Connor McDavid in Islanders zone.
7:36 of 2nd period - Shot by Jesse Puljujarvi.
7:36 of 2nd period - Stopped by Igor Shesterkin without a rebound.
7:37 of 2nd period - Casey Mittelstadt wins face-off versus Chandler Stephenson in Islanders zone.
7:45 of 2nd period - Mario Ferraro is hit by Neal Pionk.
8:52 of 2nd period - Icing by Brent Burns.
8:53 of 2nd period - Luke Kunin wins face-off versus Connor McDavid in Islanders zone.
8:56 of 2nd period - Shot by Adam Erne.
8:56 of 2nd period - Shot Misses the Net.
9:00 of 2nd period - Shot by Luke Kunin.
9:00 of 2nd period - Stopped by Igor Shesterkin without a rebound.
9:01 of 2nd period - Nick Bonino wins face-off versus Connor McDavid in Islanders zone.
9:06 of 2nd period - Shot by Nick Bonino.
9:06 of 2nd period - Shot Misses the Net.
10:07 of 2nd period - Icing by Jack Quinn.
10:08 of 2nd period - Chandler Stephenson wins face-off versus Nick Bonino in Rangers zone.
10:13 of 2nd period - Shot by Pavel Buchnevich.
10:13 of 2nd period - Shot Misses the Net.
10:18 of 2nd period - Icing by Martin Fehervary.
10:19 of 2nd period - Nick Bonino wins face-off versus Mason Marchment in Rangers zone.
10:33 of 2nd period - Jean-Gabriel Pageau is hit by Mario Ferraro and loses puck.
10:40 of 2nd period - Shot by Jean-Gabriel Pageau.
10:40 of 2nd period - Stopped by Darcy Kuemper without a rebound.
10:41 of 2nd period - Ryan Reaves wins face-off versus Connor McDavid in Rangers zone.
11:08 of 2nd period - Shot by Ryan Reaves.
11:08 of 2nd period - Goal by Ryan Reaves - Rangers : 2 - Islanders : 1.
11:09 of 2nd period - Eric Robinson wins face-off versus Chandler Stephenson in neutral zone.
12:20 of 2nd period - Caleb Jones is hit by Connor McDavid.
12:37 of 2nd period - Icing by Shea Theodore.
12:38 of 2nd period - Connor McDavid wins face-off versus Nick Bonino in Islanders zone.
12:57 of 2nd period - Martin Fehervary is hit by Connor McDavid and loses puck.
14:58 of 2nd period - Shot by Michael Bunting.
14:58 of 2nd period - Shot Misses the Net.
15:08 of 2nd period - Shot by Chandler Stephenson.
15:08 of 2nd period - Shot Misses the Net.
15:14 of 2nd period - Shayne Gostisbehere is hit by Adam Erne and loses puck.
16:04 of 2nd period - Icing by Shea Theodore.
16:05 of 2nd period - Connor McDavid wins face-off versus Casey Mittelstadt in Islanders zone.
16:28 of 2nd period - Brad Marchand is hit by Juuso Parssinen and loses puck.
16:39 of 2nd period - Shot by Drake Batherson.
16:39 of 2nd period - Shot Misses the Net.
18:02 of 2nd period - Shot by Chandler Stephenson.
18:02 of 2nd period - Stopped by Darcy Kuemper without a rebound.
18:03 of 2nd period - Jean-Gabriel Pageau wins face-off versus Casey Mittelstadt in Rangers zone.
18:06 of 2nd period - Shot by Mason Marchment.
18:06 of 2nd period - Stopped by Darcy Kuemper without a rebound.
18:07 of 2nd period - Connor McDavid wins face-off versus Casey Mittelstadt in Rangers zone.
18:34 of 2nd period - Shot by Jesse Puljujarvi.
18:34 of 2nd period - Shot Misses the Net.
19:30 of 2nd period - Icing by Martin Fehervary.
19:31 of 2nd period - Nick Bonino wins face-off versus Mason Marchment in Rangers zone.
19:41 of 2nd period - Icing by Nick Bonino.
19:42 of 2nd period - Barrett Hayton wins face-off versus Nick Bonino in Rangers zone.
19:49 of 2nd period - Shot by Barrett Hayton.
19:49 of 2nd period - Shot Misses the Net.
19:55 of 2nd period - Shot by Anthony Beauvillier.
19:55 of 2nd period - Stopped by Igor Shesterkin without a rebound.
19:56 of 2nd period - Connor McDavid wins face-off versus Luke Kunin in Islanders zone.
Goals for this period are 2 for Rangers vs 0 for Islanders.
Shots for this period are 8 for Rangers vs 8 for Islanders.

3rd period


0:01 of 3rd period - Connor McDavid wins face-off versus Casey Mittelstadt in neutral zone.
0:18 of 3rd period - Shea Theodore is hit by Jesse Puljujarvi and loses puck.
1:06 of 3rd period - Icing by Luke Schenn.
1:07 of 3rd period - Chandler Stephenson wins face-off versus Nick Bonino in Rangers zone.
1:31 of 3rd period - Icing by Shayne Gostisbehere.
1:32 of 3rd period - Luke Kunin wins face-off versus Chandler Stephenson in Islanders zone.
1:41 of 3rd period - Shot by Ryan Reaves.
1:41 of 3rd period - Stopped by Igor Shesterkin without a rebound.
1:42 of 3rd period - Casey Mittelstadt wins face-off versus Jean-Gabriel Pageau in Islanders zone.
1:42 of 3rd period - Artem Zub is hit by Justin Holl and loses puck.
1:50 of 3rd period - Justin Holl is hit by Artem Zub and loses puck.
2:11 of 3rd period - Icing by Ryan Graves.
2:12 of 3rd period - Jean-Gabriel Pageau wins face-off versus Luke Kunin in Islanders zone.
2:28 of 3rd period - Shot by Jean-Gabriel Pageau.
2:28 of 3rd period - Stopped by Darcy Kuemper without a rebound.
2:29 of 3rd period - Connor McDavid wins face-off versus Nick Bonino in Rangers zone.
2:34 of 3rd period - Shot by Brad Marchand.
2:34 of 3rd period - Shot Misses the Net.
2:54 of 3rd period - Shot by Connor McDavid.
2:54 of 3rd period - Shot Hit the Post.
3:04 of 3rd period - Shot by Jack Quinn.
3:04 of 3rd period - Stopped by Igor Shesterkin with a rebound.
3:06 of 3rd period - Shot by Jack Quinn.
3:06 of 3rd period - Shot Misses the Net.
3:08 of 3rd period - Shot by Nick Bonino.
3:08 of 3rd period - Shot Misses the Net.
3:11 of 3rd period - Jack Quinn is hit by Brent Burns and loses puck.
3:40 of 3rd period - Shot by Pavel Buchnevich.
3:40 of 3rd period - Stopped by Darcy Kuemper without a rebound.
3:41 of 3rd period - Jean-Gabriel Pageau wins face-off versus Ryan Reaves in Rangers zone.
3:49 of 3rd period - Icing by Ryan Reaves.
3:50 of 3rd period - Chandler Stephenson wins face-off versus Luke Kunin in Rangers zone.
4:05 of 3rd period - Shot by Shayne Gostisbehere.
4:05 of 3rd period - Shot Misses the Net.
5:08 of 3rd period - Chandler Stephenson is hit by Jesse Puljujarvi and loses puck.
5:09 of 3rd period - Minor Penalty to Jesse Puljujarvi for Roughing.
5:10 of 3rd period - Connor McDavid wins face-off versus Eric Robinson in Rangers zone.
5:31 of 3rd period - Shot by Drake Batherson.
5:31 of 3rd period - Shot Misses the Net.
5:33 of 3rd period - Shot by Connor McDavid.
5:33 of 3rd period - Shot Blocked by Artem Zub.
5:35 of 3rd period - Shot by Brent Burns.
5:35 of 3rd period - Shot Misses the Net.
5:37 of 3rd period - Shot by Brad Marchand.
5:37 of 3rd period - Shot Blocked by Mario Ferraro.
5:39 of 3rd period - Shot by Brent Burns.
5:39 of 3rd period - Shot Misses the Net.
5:45 of 3rd period - Shot by Brad Marchand.
5:45 of 3rd period - Shot Blocked by Artem Zub.
5:47 of 3rd period - Shot by Brent Burns.
5:47 of 3rd period - Shot Misses the Net.
5:49 of 3rd period - Shot by Brent Burns.
5:49 of 3rd period - Shot Misses the Net.
5:51 of 3rd period - Shot by Brad Marchand.
5:51 of 3rd period - Shot Misses the Net.
5:53 of 3rd period - Shot by Shea Theodore.
5:53 of 3rd period - Shot Misses the Net.
6:09 of 3rd period - Nick Bonino is hit by Mason Marchment and loses puck.
7:09 of 3rd period - Minor Penalty to Juuso Parssinen for Holding.
7:10 of 3rd period - Barrett Hayton wins face-off versus Eric Robinson in Rangers zone.
7:21 of 3rd period - Shot by Pavel Buchnevich.
7:21 of 3rd period - The goal is going for a video replay.
7:21 of 3rd period - The goal is good.
7:21 of 3rd period - Goal by Pavel Buchnevich - Rangers : 2 - Islanders : 2.
7:22 of 3rd period - Barrett Hayton wins face-off versus Luke Kunin in neutral zone.
7:48 of 3rd period - Shot by Tanner Jeannot.
7:48 of 3rd period - Deflect By Jujhar Khaira.
7:48 of 3rd period - Shot Misses the Net.
7:50 of 3rd period - Shot by Jujhar Khaira.
7:50 of 3rd period - Stopped by Darcy Kuemper without a rebound.
7:50 of 3rd period - Minor Penalty to Juuso Parssinen for Hooking.
7:51 of 3rd period - Connor McDavid wins face-off versus Eric Robinson in Rangers zone.
8:24 of 3rd period - Shot by Connor McDavid.
8:24 of 3rd period - Shot Misses the Net.
8:26 of 3rd period - Shot by Brent Burns.
8:26 of 3rd period - Shot Blocked by Mario Ferraro.
8:28 of 3rd period - Shot by Connor McDavid.
8:28 of 3rd period - Deflect By Drake Batherson.
8:28 of 3rd period - Stopped by Darcy Kuemper without a rebound.
8:29 of 3rd period - Pavel Buchnevich wins face-off versus Anthony Beauvillier in Rangers zone.
8:30 of 3rd period - Shot by Shayne Gostisbehere.
8:30 of 3rd period - Shot Blocked by Martin Fehervary.
8:32 of 3rd period - Shot by Shayne Gostisbehere.
8:32 of 3rd period - Stopped by Darcy Kuemper without a rebound.
8:33 of 3rd period - Chandler Stephenson wins face-off versus Nick Bonino in Rangers zone.
9:37 of 3rd period - Shayne Gostisbehere is hit by Luke Kunin and loses puck.
10:12 of 3rd period - Adam Erne is hit by Tanner Jeannot.
11:09 of 3rd period - Shot by Nick Bonino.
11:09 of 3rd period - Goal by Nick Bonino - Rangers : 3 - Islanders : 2.
11:10 of 3rd period - Connor McDavid wins face-off versus Casey Mittelstadt in neutral zone.
11:17 of 3rd period - Shot by Connor McDavid.
11:17 of 3rd period - Shot Blocked by Mario Ferraro.
11:30 of 3rd period - Shot by Brad Marchand.
11:30 of 3rd period - Deflect By Connor McDavid.
11:30 of 3rd period - Shot Misses the Net.
11:36 of 3rd period - Shot by Eric Robinson.
11:36 of 3rd period - Deflect By Casey Mittelstadt.
11:36 of 3rd period - Stopped by Igor Shesterkin without a rebound.
11:37 of 3rd period - Chandler Stephenson wins face-off versus Nick Bonino in Islanders zone.
11:41 of 3rd period - Shayne Gostisbehere is hit by Nick Bonino and loses puck.
11:45 of 3rd period - Shayne Gostisbehere is hit by Nick Bonino.
11:53 of 3rd period - Shot by Anthony Beauvillier.
11:53 of 3rd period - Stopped by Igor Shesterkin without a rebound.
11:54 of 3rd period - Jean-Gabriel Pageau wins face-off versus Juuso Parssinen in Islanders zone.
11:54 of 3rd period - Mason Marchment is hit by Ryan Lomberg and loses puck.
12:36 of 3rd period - Icing by Artem Zub.
12:37 of 3rd period - Connor McDavid wins face-off versus Ryan Lomberg in Rangers zone.
12:41 of 3rd period - Brad Marchand is hit by Artem Zub and loses puck.
14:11 of 3rd period - Shot by Pavel Buchnevich.
14:11 of 3rd period - Shot Misses the Net.
14:13 of 3rd period - Shot by Chandler Stephenson.
14:13 of 3rd period - Stopped by Darcy Kuemper with a rebound.
15:07 of 3rd period - Minor Penalty to Adam Erne for Hooking.
15:08 of 3rd period - Connor McDavid wins face-off versus Eric Robinson in Rangers zone.
15:08 of 3rd period - Connor McDavid is hit by Artem Zub.
15:10 of 3rd period - Shot by Shea Theodore.
15:10 of 3rd period - Shot Blocked by Artem Zub.
15:12 of 3rd period - Shot by Brent Burns.
15:12 of 3rd period - Shot Misses the Net.
15:14 of 3rd period - Shot by Drake Batherson.
15:14 of 3rd period - Stopped by Darcy Kuemper without a rebound.
15:15 of 3rd period - Eric Robinson wins face-off versus Connor McDavid in Rangers zone.
15:59 of 3rd period - Shot by Shea Theodore.
15:59 of 3rd period - Shot Misses the Net.
16:36 of 3rd period - Neal Pionk is hit by Caleb Jones and loses puck.
16:39 of 3rd period - Shot by Shayne Gostisbehere.
16:39 of 3rd period - Shot Misses the Net.
17:13 of 3rd period - Icing by Jujhar Khaira.
17:14 of 3rd period - Barrett Hayton wins face-off versus Luke Kunin in Islanders zone.
17:27 of 3rd period - Shot by Tanner Jeannot.
17:27 of 3rd period - Shot Blocked by Juuso Parssinen.
18:17 of 3rd period - Connor McDavid is hit by Anthony Beauvillier and loses puck.
18:21 of 3rd period - Brent Burns is hit by Jack Quinn and loses puck.
18:34 of 3rd period - Shot by Connor McDavid.
18:34 of 3rd period - Deflect By Drake Batherson.
18:34 of 3rd period - Goal by Drake Batherson - Rangers : 3 - Islanders : 3.
18:35 of 3rd period - Casey Mittelstadt wins face-off versus Chandler Stephenson in neutral zone.
19:01 of 3rd period - Neal Pionk is hit by Artem Zub and loses puck.
19:08 of 3rd period - Shot by Pavel Buchnevich.
19:08 of 3rd period - Stopped by Darcy Kuemper without a rebound.
19:09 of 3rd period - Nick Bonino wins face-off versus Connor McDavid in Rangers zone.
19:09 of 3rd period - Anthony Beauvillier is hit by Connor McDavid and loses puck.
19:29 of 3rd period - Shot by Brad Marchand.
19:29 of 3rd period - Shot Hit the Post.
19:31 of 3rd period - Shot by Shea Theodore.
19:31 of 3rd period - Shot Blocked by Nick Bonino.
19:33 of 3rd period - Shot by Brent Burns.
19:33 of 3rd period - Shot Blocked by Luke Schenn.
19:33 of 3rd period - Luke Schenn from Rangers is injured at 19:33 of 3rd period (Left Hip).
19:34 of 3rd period - Juuso Parssinen wins face-off versus Mason Marchment in Rangers zone.
19:45 of 3rd period - Shot by Juuso Parssinen.
19:45 of 3rd period - Goal by Juuso Parssinen - Rangers : 4 - Islanders : 3.
19:46 of 3rd period - Connor McDavid wins face-off versus Casey Mittelstadt in neutral zone.
19:48 of 3rd period - Off-side.
19:49 of 3rd period - Connor McDavid wins face-off versus Casey Mittelstadt in neutral zone.
19:52 of 3rd period - Islanders, Igor Shesterkin is pulled from the net.
Goals for this period are 2 for Rangers vs 2 for Islanders.
Shots for this period are 6 for Rangers vs 10 for Islanders.